 Dungeon Crawl Stone Soup version 0.28.0-45-g0d030f2227 (webtiles) character file.

Game seed: 1136423011066345636

32 Descartes the Chopper (level 3, 0/27 HPs)
             Began as a Formicid Warper on Apr 9, 2022.
             Slain by an adder (4 damage)
             ... on level 2 of the Dungeon.
             The game lasted 00:01:51 (1877 turns).

Descartes the Chopper (Formicid Warper)             Turns: 1877, Time: 00:01:52

Health: 0/27       AC:  4    Str: 15    XL:     3   Next: 45%
Magic:  6/6        EV: 11    Int: 14    God:
Gold:   29         SH:  0    Dex: 10    Spells: 6/6 levels left

rFire   + . .      SeeInvis +   a - +0 hand axe
rCold   . . .      Faith    .   (no shield)
rNeg    . . .      Spirit   .   n - +1 leather armour "Zon Gufomu" {rF+}
rPois   .          Reflect  .   (helmet unavailable)
rElec   .          Harm     .   (no cloak)
rCorr   .          Rampage  .   (no gloves)
Will    .....                   (no boots)
Stlth   +.........              (no amulet)
HPRegen 0.09/turn               (no ring)
MPRegen 0.10/turn               (no ring)

@: lethally poisoned (0 -> -9)
A: permanent stasis, dig shafts and tunnels, antennae 3, four strong arms
a: Dig, Shaft Self


You were on level 2 of the Dungeon.
You visited 1 branch of the dungeon, and saw 2 of its levels.

You collected 29 gold pieces.

Inventory:

Hand Weapons
 a - a +0 hand axe (weapon)
Missiles
 b - 18 bolts
 c - 5 boomerangs of dispersal (quivered)
 f - 6 poisoned darts
 g - 31 arrows
 i - 78 stones
Armour
 n - the +1 leather armour "Zon Gufomu" (worn) {rF+}
   (You found it on level 2 of the Dungeon)

   rF:        It protects you from fire.
Scrolls
 e - a scroll of torment {unknown}
 k - a scroll of enchant weapon {unknown}
Potions
 d - 2 potions of curing {unknown}
 j - 2 potions of heal wounds {unknown}
 l - a potion of magic {unknown}
 m - a potion of haste {unknown}


   Skills:
 - Level 2.1 Fighting
 + Level 3.6 Axes
 - Level 1.0 Throwing
 - Level 1.1 Armour
 - Level 1.7 Dodging
 - Level 2.1 Spellcasting
 - Level 2.6 Translocations


You had 6 spell levels left.
You didn't know any spells.
Your spell library contained the following spells:

 Spells                   Type           Power      Damage    Failure   Level
 Gell's Gravitas          Tloc           9%         N/A       28%         3
 Lesser Beckoning         Tloc           9%         N/A       28%         3
 Teleport Other           Tloc           9%         N/A       28%         3
 Manifold Assault         Tloc           9%         N/A       95%         5
 Blink                    Tloc           Unusable   N/A       N/A         2

Dungeon Overview and Level Annotations

Branches:
Dungeon (2/15)

Altars:
Xom


Innate Abilities, Weirdness & Mutations

You cannot be hasted, slowed, berserked, paralysed or teleported.
You can dig through walls and to a lower floor.
You have a pair of large antennae on your head. (SInv)
Your four strong arms can wield two-handed weapons with a shield.


Message History

The adder poisons you!
You closely miss the adder.
You feel sick. The adder closely misses you. x2
You barely miss the adder.
You feel sick. The adder bites you.
You are more poisoned.
The adder poisons you!
You hit the adder.
The adder is moderately wounded.
You feel sick. The adder closely misses you. The adder barely misses you.
You closely miss the adder.
The adder is moderately wounded.
You feel sick. The adder bites you.
You closely miss the adder.
The adder is moderately wounded.
You feel sick. The adder bites you.
You are more poisoned.
The adder poisons you!
You are too injured to fight recklessly!
You are too injured to fight recklessly!
You are too injured to fight recklessly!
You are too injured to fight recklessly!
You are too injured to fight recklessly!
You are too injured to fight recklessly!
You are too injured to fight recklessly!
You are too injured to fight recklessly!
You are too injured to fight recklessly!
You are too injured to fight recklessly!
You are too injured to fight recklessly!
An adder is nearby!
You feel sick. The adder bites you but does no damage.
The adder barely misses you.
You feel sick. The adder bites you.
* * * LOW HITPOINT WARNING * * *
You are lethally poisoned!
The adder poisons you!
You hit the adder.
The adder is severely wounded.
* * * LOW HITPOINT WARNING * * *
You feel very sick. The adder bites you.
You die...

### ..#### #....#
#....# #
##.##.@..#.#.#
.......S......#
###.####'##.###
#........# #
#.#.###..# ######
#..# #..... #...#
...#
#..##########.####
..... ....
#...........#.#
....##..####.
#..)#######.#.####


You could see an adder.

Vanquished Creatures
  A dart slug (D:1)
  4 endoplasms (D:1)
  A goblin (D:2)
  4 hobgoblins
  5 jackals (D:1)
  A quokka (D:1)
  4 bats
  2 frilled lizards (D:1)
  3 kobolds (D:1)
  2 rats (D:1)
27 creatures vanquished.

Notes
Turn   | Place    | Note
-------+----------+-------------------------------------------
     0 | D:1      | Descartes the Formicid Warper began the quest for the Orb.
     0 | D:1      | Reached XP level 1. HP: 16/16 MP: 3/3
   439 | D:1      | Reached XP level 2. HP: 19/22 MP: 5/5
   677 | D:1      | Reached skill level 3 in Axes
  1121 | D:1      | Reached XP level 3. HP: 25/27 MP: 6/6
  1387 | D:1      | Found a faded altar of an unknown god.
  1672 | D:2      | Found a shimmering altar of Xom.
  1761 | D:2      | Identified the +1 leather armour "Zon Gufomu" {rF+}
  1877 | D:2      | Slain by an adder

Illustrated notes

Levels and vault maps discovered:
D:1:      lemuel_arrival_tunnels, layout_basic,
          shapermc_ecumenical_altar_mp_vishouse
D:2:      layout_basic, basic_altar

Skill      XL: |  1  2 |
---------------+-------+-----
Axes           | 3 |  3.6
Fighting       | |  2.1
Throwing       | |  1.0
Armour         | |  1.1
Dodging        | |  1.7
Spellcasting   | |  2.1
Translocations | |  2.6

Action                   || total
-------------------------++-------
Melee: Hand axe          ||   108
Armor: Leather armour    ||    25
       Ring mail         ||    20
Dodge: Dodged            ||    75
